AoeStats
← kkkg

Arena

506853558Analyzed
2v2 RM · 17d ago on Sep 15, 2026· 62m 49s· 4 players
Game mode
Random Map
Map size
Medium (4 player)
Population
200
Speed
Normal
Resources
Standard
Victory
Conquest
Starting age
Dark Age
Ending age
Imperial Age
RankedLock teamsTeams togetherTeam positionsShared explorationLock speedFull tech treeHidden civsTurbo modeCheats
Victory
Defeat
🇺🇸 Britons · United States
985
+15
🇧🇷 Bohemians · Brazil
958
+16
🇨🇳 Chinese · China
999
-18
🇮🇳 Japanese · India
906
-13
watchout2k5
9:57 Feudal Age
18:34 Castle Age
16:20 Loom
16:50 Horse Collar
17:27 Double-Bit Axe
18:05 Fletching
19:11 Town Watch
19:58 Crossbowman
21:13 Padded Archer Armor
23:20 Leather Archer Armor
28:16 Bodkin Arrow
30:38 Town Patrol
31:42 Ballistics
33:51 Masonry
35:34 Pikeman
39:01 Imperial Age
37:55 Forging
37:50 Scale Barding Armor
38:58 Wheelbarrow
37:47 Light Cavalry
38:27 Husbandry
39:14 Bow Saw
39:08 Heavy Plow
40:23 Hand Cart
40:42 Conscription
40:57 Ring Archer Armor
41:01 Bracer
42:52 Yeomen
43:51 Chemistry
43:57 Iron Casting
43:42 Chain Barding Armor
43:58 Iron Casting
43:43 Chain Barding Armor
47:38 Blast Furnace
47:13 Plate Barding Armor
47:39 Blast Furnace
47:14 Plate Barding Armor
47:34 Elite Longbowman
49:20 Warwolf
51:37 Two-Man Saw
fabricioitba
12:04 Feudal Age
15:38 Castle Age
15:36 Double-Bit Axe
15:34 Horse Collar
18:32 Bow Saw
18:40 Heavy Plow
26:55 Wheelbarrow
26:52 Forging
28:43 Hand Cart
33:07 Imperial Age
30:37 Fletching
33:14 Crossbowman
35:16 Chemistry
33:48 Elite Skirmisher
34:11 Elite Skirmisher
35:38 Ballistics
35:19 Bodkin Arrow
35:25 Padded Archer Armor
35:36 Arbalester
41:21 Bracer
41:37 Leather Archer Armor
41:22 Scale Mail Armor
41:58 Iron Casting
41:28 Scale Barding Armor
45:23 Ring Archer Armor
45:02 Husbandry
46:09 Cavalier
50:18 Caravan
50:12 Light Cavalry
52:20 Blast Furnace
51:50 Chain Barding Armor
51:46 Chain Mail Armor
62:17 Squires
61:38 Pikeman
62:04 Arson
devil
5:02 Loom
10:32 Feudal Age
18:18 Castle Age
16:33 Horse Collar
16:41 Double-Bit Axe
20:49 Town Watch
29:08 Imperial Age
26:18 Elite Skirmisher
27:56 Ballistics
27:38 Gold Mining
28:25 Wheelbarrow
27:51 Fletching
28:25 Man-at-Arms
29:25 Heavy Plow
29:16 Long Swordsman
30:04 Pikeman
32:19 Squires
32:33 Forging
32:24 Scale Mail Armor
34:24 Iron Casting
33:22 Two-Handed Swordsman
36:44 Parthian Tactics
36:27 Thumb Ring
36:48 Bloodlines
37:55 Light Cavalry
40:11 Chemistry
40:02 Conscription
40:14 Bodkin Arrow
40:21 Padded Archer Armor
44:20 Scale Barding Armor
48:46 Kataparuto
52:12 Halberdier
59:08 Leather Archer Armor
kkkg
11:23 Feudal Age
12:17 Double-Bit Axe
15:02 Castle Age
13:24 Horse Collar
17:01 Bow Saw
20:49 Gold Mining
24:25 Wheelbarrow
23:39 Loom
26:02 Stone Mining
26:48 Gold Shaft Mining
28:02 Pikeman
28:43 Squires
29:54 Stone Shaft Mining
29:39 Hand Cart
29:10 Town Watch
31:18 Elite Skirmisher
35:35 Imperial Age
33:05 Town Patrol
34:50 Ballistics
37:54 Two-Man Saw
38:34 Conscription
39:39 Chemistry
38:50 Masonry
38:54 Thumb Ring
39:33 Padded Archer Armor
39:24 Fletching
39:39 Scale Mail Armor
42:03 Leather Archer Armor
41:44 Bodkin Arrow
42:04 Chain Mail Armor
42:01 Forging
43:24 Architecture
44:06 Halberdier
49:20 Ring Archer Armor
48:50 Bracer
49:26 Iron Casting
51:50 Arson
58:32 Heavy Plow
Connection lost

Rejoining the realm…

Still unreachable

The connection could not be restored.

Session expired

The server has moved on; the page needs a fresh start.